 Dungeon Sprint DCSS version 0.29-a0-925-g0a7a3d12f8 (webtiles) character file.

Game seed: 5129417019294661209

3468 rocky1 the Nimble (level 10, -6/90 HPs)
             Began as a Merfolk Gladiator on July 28, 2022.
             Was a High Priest of Okawaru.
             Mangled by a ghost moth (12 damage)
             ... in the Dungeon (Sprint VII: "The Pits").
             The game lasted 00:05:37 (2660 turns).

rocky1 the Nimble (Merfolk Gladiator)               Turns: 2660, Time: 00:05:38

Health: -6/90      AC: 25    Str: 15 (18) XL:     10   Next: 6%
Magic:  2/17       EV: 13    Int:  5 (8)  God:    Okawaru [*****.]
Gold:   0          SH:  0    Dex: 17 (19) Spells: 9/9 levels left

rFire   . . .      SeeInvis .   t - +2 halberd (protect)
rCold   . . .      Faith    .   (shield currently unavailable)
rNeg    . . .      Spirit   .   p - +2 plate armour
rPois   .          Reflect  .   c - +0 helmet
rElec   .          Harm     .   a - +0 cloak
rCorr   .          Rampage  .   (no gloves)
Will    .....      NoTele   +   o - +0 pair of boots
Stlth   ..........              (no amulet)
HPRegen 0.25/turn               b - +3 ring of dexterity
MPRegen 0.15/turn               n - +3 ring of evasion

@: under a protective aura, invisible
A: (nimble swimmer 2), mertail
a: Renounce Religion, Heroism, Finesse


You were in the Dungeon.
You worshipped Okawaru.
Okawaru was extremely pleased with you.
You visited 1 branch

Inventory:

Hand Weapons
 s - a +2 scimitar of holy wrath
 t - a +2 halberd of protection (weapon)
Missiles
 d - 3 throwing nets (quivered)
 e - a javelin
Armour
 a - a +0 cloak (worn)
 c - a +0 helmet (worn)
 o - a +0 pair of boots (worn)
 p - a +2 plate armour (worn)
Jewellery
 b - a +3 ring of dexterity (left hand)
 n - a +3 ring of evasion (right hand)
Scrolls
 k - a scroll of blinking
 m - 5 scrolls of amnesia
Potions
 f - 8 potions of curing
 g - 8 potions of heal wounds
 h - a potion of haste
 i - 4 potions of magic
 j - 4 potions of berserk rage
 l - a potion of invisibility
 q - a potion of might
 r - a potion of resistance


   Skills:
 + Level 12.4 Fighting
 + Level 14.9 Polearms
 - Level 2.0 Throwing
 + Level 6.2 Armour
 + Level 14.9 Dodging
 - Level 10.1 Invocations


You had 9 spell levels left.
You didn't know any spells.
Your spell library was empty.

Dungeon Overview and Level Annotations

Branches:
Dungeon (1/1)

Altars:
Ashenzari
Cheibriados
Dithmenos
Elyvilon
Fedhas
Gozag
Hepliaklqana
Kikubaaqudgha
Makhleb
Nemelex Xobeh
Okawaru
Qazlal
Ru
Sif Muna
Trog
Uskayaw
Vehumet
Wu Jian
Xom
Yredelemnul
Zin
The Shining One
Jiyva
Lugonu


Innate Abilities, Weirdness & Mutations

((You are very nimble when in or above water. (Stealth+, EV+, Speed+++)))
Your lower body shifts to a powerful aquatic tail in water.


Message History

Unknown command.
You fade into invisibility!
Something hits you.
* * * LOW HITPOINT WARNING * * *
Something hits you.
* * * LOW HITPOINT WARNING * * *
Something completely misses you.
Unknown command.
You puncture something!
Something hits you but does no damage. x2
Something stings you but does no damage.
You hit something.
Something hits you but does no damage. x2
Something stings you.
* * * LOW HITPOINT WARNING * * *
You feel clumsy.
You closely miss something. Something barely misses you.
Something hits you but does no damage.
Something stings you but does no damage.
You feel much better. Something hits you.
Something hits you but does no damage.
Something stings you but does no damage.
Unknown command.
You closely miss something.
Something hits you but does no damage. x2
Something stings you.
You feel dopey.
You miss something.
Something hits you but does no damage. x2
Something stings you but does no damage.
You hit something but do no damage. Something hits you but does no damage.
Something hits you.
Something stings you but does no damage.
You closely miss something. Something hits you but does no damage.
Something hits you!
* * * LOW HITPOINT WARNING * * *
Something stings you but does no damage.
You hit something but do no damage. Something hits you but does no damage.
Something hits you!
* * * LOW HITPOINT WARNING * * *
Something stings you.
* * * LOW HITPOINT WARNING * * *
You closely miss something. Something hits you!
You die...

#++#######
#.........
#..)...... #.{#
#.@# #..# ######
#..# .##..# #..#
.##..# #..# .''..#
#..#
.''..##########..#
.##...........[..#
.##..............#


There were no monsters in sight!

Vanquished Creatures
  2 deep trolls (D)
  A deep elf zephyrmancer (D)
  A freezing wraith (D)
  A troll (D)
  A jumping spider (D)
  A vampire (D)
  A fire bat (D)
  2 vampire mosquitoes (D)
  Menkaure (D)
  A large abomination (D)
  2 floating eyes (D)
  An orc warrior (D)
  A necrophage (D)
  A scorpion (D)
  A jelly (D)
  An orc priest (D)
  Crazy Yiuf (D)
  2 orc wizards (D)
  A hell rat (D)
  2 river rats (D)
  2 ufetubi (D)
  4 orcs (D)
  A bat skeleton (D)
  2 giant cockroaches (D)
  A goblin (D)
  A hobgoblin (D)
  3 quokkas (D)
  A ball python simulacrum (D)
  A bat (D)
  A kobold (D)
42 creatures vanquished.

Notes
Turn   | Place    | Note
-------+----------+-------------------------------------------
     0 | D        | rocky1 the Merfolk Gladiator began the quest for the Orb.
     0 | D        | Reached XP level 1. HP: 16/16 MP: 1/1
    20 | D        | Found a bloodstained altar of Trog.
    20 | D        | Found a shimmering blue altar of Sif Muna.
    20 | D        | Found a viscous altar of Jiyva.
    20 | D        | Found a hazy altar of Hepliaklqana.
    20 | D        | Found an opulent altar of Gozag.
    21 | D        | Found a glowing golden altar of the Shining One.
    21 | D        | Found a glowing silver altar of Zin.
    21 | D        | Found a basalt altar of Yredelemnul.
    21 | D        | Found a shimmering altar of Xom.
    21 | D        | Found an ornate altar of the Wu Jian Council.
    21 | D        | Found a sacrificial altar of Ru.
    21 | D        | Found a stormy altar of Qazlal.
    21 | D        | Found an iron altar of Okawaru.
    21 | D        | Found a sparkling altar of Nemelex Xobeh.
    21 | D        | Found a burning altar of Makhleb.
    21 | D        | Found a blossoming altar of Fedhas.
    21 | D        | Found a white marble altar of Elyvilon.
    21 | D        | Found a shadowy altar of Dithmenos.
    21 | D        | Found a snail-covered altar of Cheibriados.
    24 | D        | Found a corrupted altar of Lugonu.
    24 | D        | Found a radiant altar of Vehumet.
    25 | D        | Found an ancient bone altar of Kikubaaqudgha.
    25 | D        | Found a hide-covered altar of Uskayaw.
    25 | D        | Found a broken altar of Ashenzari.
    29 | D        | Became a worshipper of Warmaster Okawaru
    79 | D        | Reached XP level 2. HP: 21/24 MP: 2/2
    81 | D        | Reached skill level 5 in Polearms
    81 | D        | Reached skill level 5 in Dodging
    81 | D        | Reached skill level 1 in Invocations
   170 | D        | Noticed a floating eye
   170 | D        | Noticed a fire bat
   172 | D        | Paralysed by a floating eye for 4 turns
   183 | D        | Paralysed by a floating eye for 2 turns
   189 | D        | Paralysed by a floating eye for 2 turns
   193 | D        | Killed a fire bat
   193 | D        | Reached * piety under Okawaru
   194 | D        | Reached skill level 5 in Invocations
   194 | D        | Reached XP level 3. HP: 21/34 MP: 3/6
   194 | D        | Reached XP level 4. HP: 25/40 MP: 3/7
   194 | D        | Reached XP level 5. HP: 29/46 MP: 3/8
   194 | D        | Paralysed by a floating eye for 4 turns
   200 | D        | Killed a floating eye
   200 | D        | Reached ** piety under Okawaru
   201 | D        | Reached XP level 6. HP: 36/55 MP: 3/10
   655 | D        | Noticed a floating eye
   663 | D        | Killed a floating eye
   666 | D        | Reached skill level 10 in Polearms
   666 | D        | Reached skill level 10 in Dodging
   666 | D        | Noticed Crazy Yiuf
   677 | D        | Reached XP level 7. HP: 57/62 MP: 12/12
   706 | D        | Killed Crazy Yiuf
   969 | D        | Noticed a troll
   975 | D        | Killed a troll
   978 | D        | Noticed Menkaure
   993 | D        | Killed Menkaure
   994 | D        | Reached XP level 8. HP: 29/72 MP: 13/13
  1450 | D        | Noticed a jumping spider
  1480 | D        | Killed a jumping spider
  1481 | D        | Reached skill level 10 in Fighting
  1495 | D        | Reached *** piety under Okawaru
  2160 | D        | Noticed a freezing wraith
  2176 | D        | Killed a freezing wraith
  2176 | D        | Reached **** piety under Okawaru
  2177 | D        | Reached XP level 9. HP: 71/81 MP: 15/15
  2321 | D        | Noticed a six-headed hydra
  2424 | D        | Noticed a deep troll
  2424 | D        | Noticed a deep troll
  2434 | D        | Killed a deep troll
  2435 | D        | Reached skill level 5 in Armour
  2447 | D        | Killed a deep troll
  2448 | D        | Reached skill level 10 in Invocations
  2629 | D        | Noticed a deep elf zephyrmancer
  2638 | D        | Killed a deep elf zephyrmancer
  2638 | D        | Reached ***** piety under Okawaru
  2639 | D        | Reached XP level 10. HP: 86/90 MP: 0/17
  2660 | D        | Mangled by a ghost moth

Illustrated notes

Levels and vault maps discovered:
D:        pitsprint [storerooms_1, entrance_room_1, metal_vault_7, armoury_2,
          mini_pit_1, grid_room_1, main_hall_1, silver_pit, the_coven_1,
          the_vestibule_1, steel_vault_4, golden_pit, hallway_of_sentries,
          crystal_vault_2, iron_vault_4, final_vault]

Skill      XL: |  1  2  3  4  5  6  7  8  9 |
---------------+----------------------------+-----
Fighting       | 3 6 7 8 9 11 12 | 12.4
Polearms       | 8 9 10 11 13 14 | 14.9
Dodging        | 8 9 10 11 13 14 | 14.9
Invocations    | 5 6 7 9 10 | 10.1
Armour         | 2 4 6 |  6.2
Throwing       | |  2.0

Action                   |  1- 3 |  4- 6 |  7- 9 | 10-12 || total
-------------------------+-------+-------+-------+-------++-------
Melee: Trident           |    21 |    18 |    86 |       ||   125
       Punch             |       |     2 |     2 |       ||     4
       Halberd           |       |       |    82 |    18 ||   100
Invok: Heroism           |       |       |     3 |       ||     3
       Finesse           |       |       |     1 |       ||     1
  Use: Potion            |     1 |       |     1 |     3 ||     5
Armor: Leather armour    |    17 |       |       |       ||    17
       Plate armour      |       |     5 |    82 |    30 ||   117
Dodge: Dodged            |    22 |     3 |    77 |     4 ||   106

Table legend: (Time is in decaauts)
 A = Elapsed time spent in this place.
 B = Non-inter-level travel time spent in this place.
 C = Inter-level travel time spent in this place.
 D = Time resting spent in this place.
 E = Time spent auto-exploring this place.
 F = Levels seen in this place.
 G = Mean time per level.
                   A        B        C        D        E       F      G
               +--------+--------+--------+--------+--------+-----+--------+
         Total |   2599 |   2504 |     95 |   1854 |      0 |   1 | 2599.0 |
       Dungeon |   2599 |   2504 |     95 |   1854 |      0 |   1 | 2599.0 |
               +--------+--------+--------+--------+--------+-----+--------+

Top non-repeatable levels by time:
       D: 2599 daAuts
